3A
GRAND FORKS CATERPILLARS @ NIAGARA FALLS EXPOS
05/27/2025
 
TOP OF THE 1ST
Grand Forks Caterpillars batting - Pitching for Niagara Falls Expos : LHP Jorge Alarcon
Pitching: LHP Jorge Alarcon
Batting: RHB Juan Fernández 0-0: Ball
1-0: Called Strike
1-1: Swinging Strike
1-2: Strikes out swinging
Batting: RHB Pierre Bernard 0-0: Fly out, F9 (Flyball, 9)
Batting: LHB Jorge Alejándrez 0-0: Called Strike
0-1: Foul Ball, location: 2F
0-2: Foul Ball, location: 2F
0-2: Hit by Pitch
Batting: LHB Víctor Fortis 0-0: Called Strike
0-1: Ball
1-1: Swinging Strike
1-2: Strikes out swinging
Top of the 1st over - 0 run(s), 0 hit(s), 0 error(s), 1 left on base; Grand Forks 0 - Niagara Falls 0
BOTTOM OF THE 1ST
Niagara Falls Expos batting - Pitching for Grand Forks Caterpillars : RHP Oliver Huerta
Pitching: RHP Oliver Huerta
Batting: RHB Augusto Encarnación 0-0: Fly out, F9 (Flyball, 9LMF)
Now in RF: Ab van der Kamp
Batting: SHB Enrico Mejía 0-0: Reached on error, E3 (Groundball, 3L)
Batting: RHB Luis Rodríguez 0-0: Ball
1-0: Ball
2-0: Ball
3-0: Called Strike
3-1: Foul Ball, location: 2F
3-2: Foul Ball, location: 2F
3-2: Foul Ball, location: 2F
3-2: Foul Ball, location: 2F
3-2: Base on Balls
Enrico Mejía to second
Batting: RHB Demeter Valverde 0-0: Grounds into double play, 6-4-3 (Groundball, 6)
Bottom of the 1st over - 0 run(s), 0 hit(s), 1 error(s), 1 left on base; Grand Forks 0 - Niagara Falls 0
TOP OF THE 2ND
Grand Forks Caterpillars batting - Pitching for Niagara Falls Expos : LHP Jorge Alarcon
Batting: RHB José Pérez 0-0: Foul Ball, location: 2F
0-1: Called Strike
0-2: Strikes out swinging
Batting: LHB Todd Stafford 0-0: Foul Ball, location: 2F
0-1: Foul Ball, location: 2F
0-2: Ball
1-2: Hit by Pitch
Batting: SHB Neil Byrd 0-0: Foul Ball, location: 2F
0-1: Ball
1-1: Swinging Strike
1-2: Strikes out swinging
Batting: LHB Santiago Reyes 0-0: Ball
1-0: Ball
2-0: Called Strike
2-1: Foul Ball, location: 2F
2-2: Strikes out looking
Top of the 2nd over - 0 run(s), 0 hit(s), 0 error(s), 1 left on base; Grand Forks 0 - Niagara Falls 0
BOTTOM OF THE 2ND
Niagara Falls Expos batting - Pitching for Grand Forks Caterpillars : RHP Oliver Huerta
Batting: LHB Gilberto Jiménez 0-0: Called Strike
0-1: SINGLE (Groundball, 56D)
Batting: RHB Alejandro Garza 0-0: Ball
1-0: SINGLE (Line Drive, 6MD)
Gilberto Jiménez to second
Batting: RHB Zelmar Barajas 0-0: Ball
1-0: Ball
2-0: Ball
3-0: Called Strike
3-1: Foul Ball, location: 2F
3-2: Strikes out swinging
Batting: RHB Pedro Torres 0-0: Ball
1-0: Ball
2-0: Ball
3-0: Base on Balls
Gilberto Jiménez to third
Alejandro Garza to second
Batting: RHB Gene Lucero 0-0: Foul Ball, location: 2F
0-1: Called Strike
0-2: Ball
1-2: Grounds into double play, 6-4-3 (Groundball, 56)
Bottom of the 2nd over - 0 run(s), 2 hit(s), 0 error(s), 2 left on base; Grand Forks 0 - Niagara Falls 0
TOP OF THE 3RD
Grand Forks Caterpillars batting - Pitching for Niagara Falls Expos : LHP Jorge Alarcon
Batting: RHB Ab van der Kamp 0-0: Swinging Strike
0-1: Called Strike
0-2: Ball
1-2: Strikes out swinging
Batting: RHB Juan Fernández 0-0: Foul Ball, location: 2F
0-1: Ball
1-1: Ground out 4-3 (Groundball, 4)
Batting: RHB Pierre Bernard 0-0: Called Strike
0-1: Ball
1-1: Foul Ball, location: 2F
1-2: Ball
2-2: Fly out, F6 (Line Drive, 6)
Top of the 3rd over - 0 run(s), 0 hit(s), 0 error(s), 0 left on base; Grand Forks 0 - Niagara Falls 0
BOTTOM OF THE 3RD
Niagara Falls Expos batting - Pitching for Grand Forks Caterpillars : RHP Oliver Huerta
Batting: RHB Augusto Encarnación 0-0: Called Strike
0-1: Fly out, F9 (Flyball, 9S)
Batting: SHB Enrico Mejía 0-0: DOUBLE (Line Drive, 9LM)
Batting: RHB Luis Rodríguez 0-0: Foul Ball, location: 2F
0-1: Foul Ball, location: 2F
0-2: SINGLE (Groundball, 25) (infield hit)
Enrico Mejía to third
Batting: RHB Demeter Valverde 0-0: Fly out, F7 (Flyball, 78M)
Runner from 3rd tags up, SCORES, no throw
Batting: LHB Gilberto Jiménez 0-0: Called Strike
Luis Rodríguez steals 2nd base
0-1: Fly out, F7 (Line Drive, 78M)
Bottom of the 3rd over - 1 run(s), 2 hit(s), 0 error(s), 1 left on base; Grand Forks 0 - Niagara Falls 1
TOP OF THE 4TH
Grand Forks Caterpillars batting - Pitching for Niagara Falls Expos : LHP Jorge Alarcon
Batting: LHB Jorge Alejándrez 0-0: Foul Ball, location: 2F
0-1: Ball
1-1: Foul Ball, location: 2F
1-2: Ball
2-2: Strikes out swinging, 2-3 out at first.
Batting: LHB Víctor Fortis 0-0: Ground out 4-3 (Groundball, 4)
Batting: RHB José Pérez 0-0: Ball
1-0: Called Strike
1-1: Swinging Strike
1-2: Strikes out swinging
Top of the 4th over - 0 run(s), 0 hit(s), 0 error(s), 0 left on base; Grand Forks 0 - Niagara Falls 1
BOTTOM OF THE 4TH
Niagara Falls Expos batting - Pitching for Grand Forks Caterpillars : RHP Oliver Huerta
Batting: RHB Alejandro Garza 0-0: Called Strike
0-1: Swinging Strike
0-2: Ball
1-2: Strikes out looking
Batting: RHB Zelmar Barajas 0-0: Called Strike
0-1: Foul Ball, location: 2F
0-2: Ball
1-2: Ball
2-2: Strikes out swinging
Batting: RHB Pedro Torres 0-0: Ground out 6-3 (Groundball, 6)
Bottom of the 4th over - 0 run(s), 0 hit(s), 0 error(s), 0 left on base; Grand Forks 0 - Niagara Falls 1
TOP OF THE 5TH
Grand Forks Caterpillars batting - Pitching for Niagara Falls Expos : LHP Jorge Alarcon
Batting: LHB Todd Stafford 0-0: Ball
1-0: Called Strike
1-1: Ball
2-1: Foul Ball, location: 2F
2-2: Ball
3-2: Strikes out swinging
Batting: SHB Neil Byrd 0-0: Called Strike
0-1: Swinging Strike
0-2: Strikes out swinging
Batting: LHB Santiago Reyes 0-0: Ball
1-0: Fly out, F7 (Flyball, 7)
Top of the 5th over - 0 run(s), 0 hit(s), 0 error(s), 0 left on base; Grand Forks 0 - Niagara Falls 1
BOTTOM OF THE 5TH
Niagara Falls Expos batting - Pitching for Grand Forks Caterpillars : RHP Oliver Huerta
Batting: RHB Gene Lucero 0-0: Ball
1-0: Foul Ball, location: 2F
1-1: Foul Ball, location: 2F
1-2: Foul Ball, location: 2F
1-2: Foul Ball, location: 2F
1-2: Strikes out looking
Batting: RHB Augusto Encarnación 0-0: Called Strike
0-1: Swinging Strike
0-2: SINGLE (Line Drive, 7LS)
Batting: SHB Enrico Mejía 0-0: Ball
1-0: SINGLE (Flyball, 78M)
Augusto Encarnación to second
Batting: RHB Luis Rodríguez 0-0: Foul Ball, location: 2F
0-1: Called Strike
0-2: Ball
1-2: Strikes out swinging
Batting: RHB Demeter Valverde 0-0: Ball
1-0: Ball
2-0: Called Strike
2-1: Foul Ball, location: 2F
2-2: SINGLE (Groundball, 34D)
Augusto Encarnación to third
Enrico Mejía to second
Runner from 3rd tries for Home, SAFE, no throw
Batting: LHB Gilberto Jiménez 0-0: Called Strike
0-1: Fly out, F8 (Line Drive, 8RS)
Bottom of the 5th over - 1 run(s), 3 hit(s), 0 error(s), 2 left on base; Grand Forks 0 - Niagara Falls 2
TOP OF THE 6TH
Grand Forks Caterpillars batting - Pitching for Niagara Falls Expos : LHP Jorge Alarcon
Batting: RHB Ab van der Kamp 0-0: Foul Ball, location: 2F
0-1: Called Strike
0-2: Strikes out swinging
Batting: RHB Juan Fernández 0-0: Foul Ball, location: 2F
0-1: Ball
1-1: Swinging Strike
1-2: Strikes out looking
Batting: RHB Pierre Bernard 0-0: Ball
1-0: Ball
2-0: Called Strike
2-1: Foul Ball, location: 2F
2-2: Ball
3-2: Strikes out swinging
Top of the 6th over - 0 run(s), 0 hit(s), 0 error(s), 0 left on base; Grand Forks 0 - Niagara Falls 2
BOTTOM OF THE 6TH
Niagara Falls Expos batting - Pitching for Grand Forks Caterpillars : RHP Oliver Huerta
Pitching: RHP Orlando Uribe
Batting: RHB Alejandro Garza 0-0: Foul Ball, location: 2F
0-1: Called Strike
0-2: Ball
1-2: Strikes out swinging
Batting: RHB Zelmar Barajas 0-0: Foul Ball, location: 2F
0-1: Ball
1-1: Ball
2-1: Foul Ball, location: 2F
2-2: Ball
3-2: Base on Balls
Batting: RHB Pedro Torres 0-0: Called Strike
0-1: Ball
Zelmar Barajas is caught stealing 2nd base
1-1: Foul Ball, location: 2F
1-2: Ball
2-2: Ground out 5-3 (Groundball, 5L)
Bottom of the 6th over - 0 run(s), 0 hit(s), 0 error(s), 0 left on base; Grand Forks 0 - Niagara Falls 2
TOP OF THE 7TH
Grand Forks Caterpillars batting - Pitching for Niagara Falls Expos : LHP Jorge Alarcon
Batting: LHB Jorge Alejándrez 0-0: Foul Ball, location: 2F
0-1: Called Strike
0-2: Fly out, F8 (Flyball, 8LM)
Batting: LHB Víctor Fortis 0-0: Foul Ball, location: 2F
0-1: Fly out, F7 (Line Drive, 78M)
Batting: RHB José Pérez 0-0: Called Strike
0-1: Ball
1-1: Fly out, F6 (Popup, 6M)
Top of the 7th over - 0 run(s), 0 hit(s), 0 error(s), 0 left on base; Grand Forks 0 - Niagara Falls 2
BOTTOM OF THE 7TH
Niagara Falls Expos batting - Pitching for Grand Forks Caterpillars : RHP Orlando Uribe
Batting: RHB Gene Lucero 0-0: Called Strike
0-1: Ball
1-1: Swinging Strike
1-2: Strikes out swinging
Batting: RHB Augusto Encarnación 0-0: Ball
1-0: Called Strike
1-1: Fly out, F8 (Flyball, 78S)
Batting: SHB Enrico Mejía 0-0: Ball
1-0: Called Strike
1-1: Called Strike
1-2: Ball
2-2: Foul Ball, location: 2F
2-2: Strikes out swinging
Bottom of the 7th over - 0 run(s), 0 hit(s), 0 error(s), 0 left on base; Grand Forks 0 - Niagara Falls 2
TOP OF THE 8TH
Grand Forks Caterpillars batting - Pitching for Niagara Falls Expos : LHP Jorge Alarcon
Batting: LHB Todd Stafford 0-0: Called Strike
0-1: Ball
1-1: Foul Ball, location: 2F
1-2: Foul Ball, location: 2F
1-2: Strikes out looking
Batting: SHB Neil Byrd 0-0: Ball
1-0: Called Strike
1-1: Ball
2-1: Swinging Strike
2-2: Hit by Pitch
Batting: LHB Santiago Reyes 0-0: Ball
1-0: Ground out 4-3 (Groundball, 34)
Neil Byrd to second
Batting: RHB Ab van der Kamp 0-0: Called Strike
0-1: Ball
1-1: Called Strike
1-2: Foul Ball, location: 2F
1-2: Foul Ball, location: 2F
1-2: Ball
2-2: Foul Ball, location: 2F
2-2: Foul Ball, location: 2F
2-2: Ground out 6-3 (Groundball, 6)
Top of the 8th over - 0 run(s), 0 hit(s), 0 error(s), 1 left on base; Grand Forks 0 - Niagara Falls 2
BOTTOM OF THE 8TH
Niagara Falls Expos batting - Pitching for Grand Forks Caterpillars : RHP Orlando Uribe
Batting: RHB Luis Rodríguez 0-0: Ball
1-0: Ball
2-0: Ground out 6-3 (Groundball, 6M)
Batting: RHB Demeter Valverde 0-0: Foul Ball, location: 2F
0-1: Ground out 6-3 (Groundball, 6)
Batting: LHB Gilberto Jiménez 0-0: Swinging Strike
0-1: Foul Ball, location: 2F
0-2: SINGLE (Flyball, 7LS)
Batting: RHB Alejandro Garza 0-0: Called Strike
0-1: Foul Ball, location: 2F
0-2: Strikes out swinging
Bottom of the 8th over - 0 run(s), 1 hit(s), 0 error(s), 1 left on base; Grand Forks 0 - Niagara Falls 2
TOP OF THE 9TH
Grand Forks Caterpillars batting - Pitching for Niagara Falls Expos : LHP Jorge Alarcon
Batting: RHB Juan Fernández 0-0: Fly out, F8 (Flyball, 8LM)
Batting: RHB Pierre Bernard 0-0: Ground out 1-3 (Groundball, 15S)
Batting: LHB Jorge Alejándrez 0-0: Ball
1-0: Ball
2-0: Ball
3-0: Called Strike
3-1: Foul Ball, location: 2F
3-2: Ground out U3 (Groundball, 3)
Top of the 9th over - 0 run(s), 0 hit(s), 0 error(s), 0 left on base; Grand Forks 0 - Niagara Falls 2
Friday, December 30th, 2016 - OOTP Baseball 17.12 Build 75